Map: Abyssal Reef LE

Players

GangusKaun - Winner!

  • Race: Protoss Protoss
  • League: Gold
  • Spawn Location: 5:00

Fujin

  • Race: Zerg Zerg
  • League: Gold
  • Spawn Location: 11:00

VOD

Have the link to the VOD?

Description

Time

  • Played on: Dec. 8, 2024, 2:10 p.m.
  • Length: 27:30
Show
View Real Time Build Order
Export as new Build Order

GangusKaun Protoss - Winner!

Build Orders: Oracle Opening 

Get SALT Encoding   

  12  0:01  Probe  
  13  0:13  Probe  
  14  0:23  Pylon  
  14  0:27  Probe  
  15  0:34  Assimilator  
  15  0:41  Probe  
  16  1:00  Probe  
  17  1:11  Nexus  
  17  1:27  Probe  
  18  1:39  Probe  
  19  1:40  Gateway  
  19  1:59  Gateway  
  19  2:00  Probe  
  20  2:08  Assimilator  
  20  2:12  Probe  
  21  2:15  Pylon  
  21  2:24  Probe  
  22  2:31  Probe  
  22  2:34  Cybernetics Core  
  22  2:37  Probe  
  24  2:39  Probe  
  24  2:42  Zealot  
  27  2:47  Zealot  
  27  2:50  Probe  
  30  3:02  Probe  
  31  3:07  Probe  
  32  3:14  Stargate, Probe  
  33  3:25  Warp Gate  
  33  3:32  Adept x2  
  37  3:37  Assimilator  
  37  3:44  Shield Battery  
  37  3:49  Shield Battery  
  37  3:53  Probe x2  
  39  3:58  Oracle  
  42  4:02  Shield Battery  
  42  4:06  Probe  
  42  4:09  Pylon  
  43  4:27  Adept  
  43  4:28  Adept  
  47  4:35  Assimilator  
  47  4:40  Probe x2  
  47  4:41  Forge  
  49  4:46  Phoenix  
  49  4:52  Probe x2  
  53  5:04  Probe  
  54  5:10  Gateway  
  54  5:16  Gateway  
  54  5:18  Gateway  
  54  6:09  Protoss Ground Weapons Level 1  
  54  6:27  Twilight Council  
  54  6:33  Pylon  
  54  6:51  Probe x2  
  56  7:02  Nexus  
  56  7:03  Probe x2  
  56  7:05  Pylon  
  58  7:08  Pylon  
  58  7:09  Assimilator  
  58  7:14  Assimilator, Probe  
  58  7:15  Probe  
  60  7:17  Zealot  
  60  7:22  Probe  
  62  7:23  Phoenix  
  62  7:27  Probe  
  66  7:30  Probe  
  66  7:36  Gateway  
  67  7:39  Probe  
  67  7:40  Gateway  
  67  7:42  Robotics Facility  
  68  7:48  Gateway  
  68  7:49  Shield Battery  
  68  7:51  Charge, Probe  
  68  7:52  Photon Cannon  
  68  7:53  Photon Cannon  
  68  7:55  Probe  
  68  7:58  Photon Cannon  
  70  8:03  Probe  
  71  8:07  Templar Archives  
  71  8:08  Probe  
  71  8:12  Pylon  
  72  8:15  Probe  
  72  8:19  Pylon  
  73  8:50  Probe x3  
  73  8:53  Zealot x5  
  86  9:06  Immortal  
  82  9:25  Zealot x3  
  82  9:30  High Templar x3  
  83  9:41  Psionic Storm  
  83  9:44  Archon  
  75  9:51  Probe  
  76  10:03  Probe  
  76  10:05  Protoss Air Weapons Level 1, Zealot x5  
  83  10:11  Probe  
  80  10:15  Probe  
  80  10:20  Stalker  
  77  10:23  Probe  
  77  10:28  Probe  
  79  10:38  Pylon  
  79  10:40  Probe  
  80  10:44  Stargate  
  80  10:46  Shield Battery  
  80  10:47  Pylon  
  80  10:50  Probe x2  
  80  10:51  Shield Battery  
  80  10:52  Probe  
  80  10:53  Zealot x2  
  80  10:56  Zealot  
  89  10:57  High Templar x5  
  89  11:02  Probe x2  
  99  11:15  Zealot x2  
  95  11:20  Archon x2  
  87  11:36  Immortal  
  87  11:38  Zealot  
  87  11:39  Zealot x6  
  105  11:54  Protoss Ground Weapons Level 2  
  105  11:56  Photon Cannon  
  105  11:57  Photon Cannon  
  103  12:02  Photon Cannon  
  103  12:07  Photon Cannon  
  101  12:09  Pylon  
  101  12:13  Probe x2  
  101  12:14  Probe  
  104  12:25  Probe  
  105  12:41  Blink  
  105  12:45  Probe  
  106  12:55  Phoenix  
  106  12:56  Immortal  
  106  12:57  Probe  
  109  13:09  Probe  
  114  13:20  Robotics Facility, Phoenix  
  114  13:22  Pylon  
  116  13:31  Pylon  
  114  13:41  Observer  
  112  14:01  Protoss Air Armor Level 1  
  112  14:26  Photon Cannon  
  112  14:28  Photon Cannon  
  112  14:34  Pylon  
  112  14:38  Pylon  
  112  14:40  Probe x3  
  112  14:41  Pylon  
  112  14:44  Pylon  
  115  14:52  Probe  
  116  14:55  Immortal x2  
  116  14:58  Nexus  
  124  15:00  Pylon  
  124  15:03  Pylon  
  124  15:05  Pylon  
  124  15:34  Warp Prism  
  126  15:46  Zealot  
  126  15:47  Zealot x7  
  142  16:26  Probe  
  143  16:38  Probe  
  143  16:39  Assimilator  
  144  16:41  Assimilator  
  144  16:45  Photon Cannon  
  144  16:47  Photon Cannon  
  144  16:49  Photon Cannon  
  144  16:50  Photon Cannon  
  144  17:00  Immortal x2  
  152  17:02  Nexus  
  152  17:03  Pylon  
  152  17:07  Pylon  
  150  17:40  High Templar x7  
  132  17:59  Archon  
  132  18:00  Archon  
  124  18:10  Phoenix  
  88  18:16  Observer x2  
  86  18:26  Shield Battery  
  86  18:30  Shield Battery  
  86  18:31  Probe  
  86  18:32  Probe x3  
  86  18:34  Shield Battery  
  90  18:35  Phoenix  
  92  18:50  Photon Cannon  
  92  18:51  Photon Cannon x2  
  92  18:52  Shield Battery  
  92  18:53  Photon Cannon x2  
  92  18:54  Photon Cannon  
  92  18:55  Shield Battery, Photon Cannon  
  92  18:58  Shield Battery  
  77  19:30  Zealot x3  
  77  19:31  Zealot x5  
  79  19:33  Immortal x2  
  79  19:36  Phoenix  
  91  19:52  High Templar x4  
  99  19:53  High Templar x4  
  99  19:59  Archon  
  107  20:00  Archon  
  107  20:01  Phoenix  
  109  20:12  Immortal x2  
  111  20:26  High Templar x6  
  123  20:31  Archon x2  
  115  20:53  Zealot x2  
  115  20:56  Immortal  
  115  20:57  Immortal  
  127  21:05  Protoss Shields Level 1  
  127  21:06  Stargate  
  127  21:11  Pylon  
  127  21:15  Pylon  
  127  21:24  Fleet Beacon  
  127  21:27  Photon Cannon  
  127  21:28  Photon Cannon  
  127  21:42  Stargate x2  
  127  21:43  Dark Shrine  
  127  21:45  Photon Cannon  
  127  21:46  Photon Cannon  
  127  21:48  Photon Cannon  
  127  21:51  Assimilator  
  127  21:52  Photon Cannon  
  127  21:54  Photon Cannon  
  127  21:57  Immortal x2  
  127  22:00  Pylon  
  135  22:13  Tempest  
  139  22:16  Tempest  
  139  22:18  Assimilator  
  131  23:06  Immortal x2, Tempest x2  
  131  23:07  Tempest x2  
  155  23:15  Zealot x3  
  155  23:16  Zealot x2  
  155  23:18  High Templar x3  
  171  23:23  Archon  
  171  23:57  High Templar x8  
  171  24:01  Immortal x2, Tempest  
  173  24:24  Archon  
  173  24:25  Archon  
  173  24:43  Immortal x2  
  181  24:55  Probe x2  
  183  25:18  Pylon, Assimilator  
  183  25:20  Assimilator  
  183  25:56  Nexus  
  183  26:00  Pylon  
  183  26:05  Pylon  
  183  26:12  Probe x2  
  183  26:17  Dark Templar x7  
  199  26:47  Nexus  
  199  26:48  Pylon  
  199  26:49  Pylon  
  199  26:50  Pylon  
  199  26:51  Pylon  
Show
View Real Time Build Order
Export as new Build Order

Fujin Zerg 

Build Orders: Hatch First 

Get SALT Encoding   

  12  0:11  Drone x2  
  14  0:16  Extractor  
  14  0:17  Drone, Extractor  
  13  0:23  Drone  
  16  0:53  Hatchery  
  16  0:54  Extractor  
  14  0:57  Drone, Extractor  
  16  1:06  Spawning Pool  
  15  1:14  Overlord  
  15  1:48  Extractor  
  14  1:56  Zergling x6  
  14  1:57  Spine Crawler  
  16  2:05  Queen  
  18  2:25  Drone x4  
  22  2:32  Drone  
  22  2:33  Drone  
  24  2:45  Zergling x2  
  24  2:46  Zergling x2  
  26  2:55  Extractor  
  26  2:58  Roach Warren  
  24  3:03  Drone x4  
  25  3:38  Lair  
  23  3:55  Evolution Chamber  
  22  4:06  Baneling Nest, Drone x3  
  22  4:07  Drone x4  
  22  4:09  Drone, Spine Crawler  
  28  4:10  Overlord  
  28  4:12  Overlord  
  28  4:31  Drone x3  
  29  4:37  Nydus Network  
  30  4:46  Zerg Missile Weapons Level 1  
  30  4:48  Drone x3  
  33  4:53  Queen  
  33  4:58  Overlord  
  35  5:08  Burrow  
  35  5:13  Tunneling Claws  
  35  5:22  Nydus Canal  
  35  5:24  Roach x2  
  39  5:40  Zergling x2  
  39  5:41  Zergling x8  
  44  5:51  Spine Crawler  
  45  5:57  Roach x3  
  43  6:18  Roach x4  
  51  6:21  Overlord  
  51  6:22  Overlord  
  51  6:29  Overlord  
  51  6:36  Overlord x2  
  51  6:40  Extractor  
  51  6:41  Drone, Extractor  
  50  6:47  Zerg Missile Weapons Level 2  
  50  6:50  Roach x2  
  54  7:05  Pneumatized Carapace  
  56  7:08  Roach  
  56  7:09  Roach x3  
  56  7:10  Zergling x4  
  64  7:18  Roach x2  
  64  7:24  Overseer  
  64  7:33  Metabolic Boost  
  64  7:48  Zergling x6  
  67  8:08  Nydus Canal  
  67  8:24  Nydus Canal  
  67  8:33  Roach x2  
  67  8:34  Roach x6  
  83  8:36  Drone  
  83  8:45  Roach x5  
  83  8:50  Spore Crawler  
  82  9:05  Roach x3  
  75  9:19  Roach  
  75  9:21  Overlord x2  
  57  9:42  Roach x6  
  68  9:55  Nydus Canal  
  66  10:06  Roach x4  
  66  10:21  Roach  
  66  10:22  Roach  
  66  10:26  Roach x2  
  72  10:44  Roach  
  72  10:45  Roach  
  72  10:46  Roach  
  72  10:47  Roach  
  72  10:48  Nydus Canal, Roach x2  
  72  10:57  Roach x2  
  72  11:02  Hydralisk Den  
  72  11:03  Overlord x2  
  71  11:21  Hatchery  
  54  11:54  Overseer x2  
  54  12:00  Drone x6  
  56  12:02  Zerg Ground Armor Level 1  
  48  12:15  Nydus Canal  
  48  12:20  Grooved Spines  
  48  12:26  Lurker Den  
  47  12:35  Drone x7  
  54  12:42  Queen x3  
  60  12:48  Zergling x6  
  63  13:06  Nydus Canal  
  63  13:09  Zergling x12  
  63  13:10  Muscular Augments  
  69  13:14  Baneling x4  
  69  13:16  Zergling x2  
  69  13:19  Roach x6  
  70  13:22  Hydralisk  
  70  13:23  Hydralisk  
  65  13:49  Ravager  
  65  13:52  Lurker  
  67  13:57  Hydralisk x9  
  75  14:09  Overlord  
  75  14:10  Overlord x2  
  75  14:40  Infestation Pit  
  75  14:42  Zergling x18  
  83  15:05  Nydus Canal  
  83  15:19  Lurker  
  83  15:20  Lurker x3  
  87  15:22  Lurker  
  88  15:31  Baneling  
  88  15:32  Baneling x5  
  88  15:51  Nydus Canal  
  88  16:05  Overlord  
  88  16:07  Overlord x2  
  88  16:08  Overlord  
  88  16:16  Nydus Canal  
  88  16:32  Zergling x16  
  96  16:42  Extractor  
  96  16:43  Extractor  
  94  16:51  Hive  
  94  16:54  Drone  
  94  16:55  Drone x5  
  100  17:04  Nydus Canal  
  100  17:06  Swarm Host x2  
  101  17:24  Nydus Canal  
  70  18:06  Hydralisk x10  
  70  18:07  Hydralisk x2  
  88  18:31  Hatchery  
  87  18:37  Adaptive Talons  
  87  18:38  Hatchery  
  86  18:44  Adrenal Glands  
  86  18:46  Zergling x2  
  86  18:47  Zergling x16  
  95  18:51  Queen  
  95  18:58  Nydus Canal  
  95  19:01  Overlord  
  95  19:02  Overlord  
  95  19:03  Overlord  
  95  19:05  Queen x3  
  101  19:11  Hydralisk  
  101  19:12  Hydralisk x2  
  93  19:34  Seismic Spines  
  102  19:54  Unknown  
  102  19:55  Lurker  
  100  20:11  Zergling x2  
  100  20:12  Zergling x26  
  57  21:02  Drone  
  57  21:03  Drone x5  
  63  21:04  Drone  
  63  21:05  Drone x8  
  63  21:09  Queen x5  
  76  21:18  Zerg Melee Weapons Level 1  
  76  21:33  Hatchery  
  76  21:35  Extractor x2  
  76  21:36  Hydralisk x5  
  76  21:39  Extractor x2  
  81  21:41  Zergling x18  
  81  21:42  Zergling x6  
  81  21:44  Queen  
  81  21:45  Queen  
  97  22:04  Hydralisk x3  
  97  22:06  Zergling x2  
  97  22:07  Zergling x16  
  112  22:13  Nydus Canal  
  112  22:15  Hydralisk x3  
  112  22:20  Hydralisk x3  
  106  22:26  Zergling x2  
  105  22:30  Hydralisk x2  
  105  22:31  Hydralisk x2  
  109  22:45  Lurker  
  109  22:46  Hydralisk x2  
  109  22:50  Zergling x34  
  105  23:10  Hydralisk x4  
  105  23:11  Hydralisk x3  
  119  23:29  Hydralisk x4  
  131  23:37  Hydralisk  
  131  23:39  Hatchery  
  127  23:44  Lurker x2  
  118  23:49  Lurker  
  118  23:53  Hydralisk  
  118  23:54  Hydralisk  
  123  24:01  Zergling x2  
  123  24:02  Zergling x22  
  76  24:27  Zergling x14  
  69  24:43  Neural Parasite  
  67  24:52  Nydus Canal  
  59  24:53  Ultralisk Cavern  
  59  24:54  Overseer  
  47  25:05  Nydus Network  
  16  25:37  Zergling x6  
  16  25:39  Hatchery  
  17  25:45  Drone x3  
  17  25:47  Queen  
  21  26:06  Roach  
  23  26:27  Nydus Canal  
  17  27:09  Spore Crawler  
  17  27:11  Overseer  
Tags
 
Add a new tag
Caveats
  • Supply blocks, unpowered buildings, or Contaminate may cause inaccurate times.
  • Supply counts are checked every 10 seconds.